 Dungeon Crawl Stone Soup version 0.29-a0-925-g0a7a3d12f8 (webtiles) character file.

Game seed: 10239312601837760945

25764 Majang the Grappler (level 12, -11/177 HPs)
             Began as a Troll Fighter on July 28, 2022.
             Was the Champion of Cheibriados.
             Mangled by selen22's ghost (30 damage)
             ... on level 4 of the Lair of Beasts on July 29, 2022.
             The game lasted 01:05:37 (11865 turns).

Majang the Grappler (Troll Fighter)                Turns: 11865, Time: 01:05:38

Health: -11/177    AC:  9    Str: 52    XL:     12   Next: 92%
Magic:  15/15      EV: 16    Int: 19    God:    Cheibriados [******]
Gold:   794        SH: 13    Dex: 30    Spells: 11/11 levels left

rFire   . . .      SeeInvis .     - Unarmed
rCold   . . .      Faith    .   b - +0 kite shield
rNeg    . . .      Spirit   .   h - +1 steam dragon scales
rPois   .          Reflect  .   (helmet restricted)
rElec   .          Harm     .   (no cloak)
rCorr   .          Rampage  .   (gloves unavailable)
Will    .....                   (boots unavailable)
Stlth   ..........              (no amulet)
HPRegen 1.19/turn               C - +6 ring of dexterity
MPRegen 0.14/turn               D - +6 ring of strength

@: berserking (expiring), lethally poisoned (-11 -> -11), very slow
A: large, unfitting armour, claws 3, regeneration 1, shaggy fur 1, tough skin 1
a: Renounce Religion, Bend Time, Temporal Distortion, Slouch, Step From Time


You were on level 4 of the Lair of Beasts.
You worshipped Cheibriados.
Cheibriados was exalted by your worship.
You visited 3 branches of the dungeon, and saw 14 of its levels.
You also visited: Ossuary.

You collected 1053 gold pieces.
You spent 259 gold pieces at shops.

Inventory:

Hand Weapons
 a - a +9 flail of freezing
Missiles
 c - 2 throwing nets
 g - 5 boomerangs (quivered)
 u - 2 silver boomerangs
 F - 9 javelins
Armour
 b - a +0 kite shield (worn)
 d - a +1 robe of fire resistance
 h - +1 steam dragon scales (worn)
Jewellery
 C - a +6 ring of dexterity (left claw)
 D - a +6 ring of strength (right claw)
 G - a +6 ring of intelligence
Wands
 j - a wand of roots (5)
 w - a wand of paralysis (14)
 E - a wand of flame (4)
Scrolls
 f - 6 scrolls of teleportation
 k - 3 scrolls of fear
 l - 2 scrolls of fog
 m - 4 scrolls of magic mapping
 o - a scroll of blinking
 x - 2 scrolls of silence
 y - a scroll of poison
 H - a scroll of immolation
Potions
 e - 3 potions of curing
 i - a potion of flight
 n - 2 potions of heal wounds
 p - 2 potions of mutation
 q - 2 potions of magic
 r - a potion of lignification
 s - 6 potions of cancellation
 t - a potion of berserk rage
 v - 6 potions of attraction
 z - 2 potions of might
 A - a potion of ambrosia
 B - a potion of resistance
 I - 3 potions of invisibility


   Skills:
 * Level 7.5 Fighting
 + Level 6.1 Throwing
 + Level 5.4 Armour
 + Level 7.1 Dodging
 + Level 7.7 Shields
 * Level 11.3 Unarmed Combat
 + Level 5.8 Invocations
 + Level 4.9 Evocations


You had 11 spell levels left.
You didn't know any spells.
Your spell library contained the following spells:

 Spells                   Type           Power      Damage    Failure   Level
 Freeze                   Ice            0%         1d3       38%         1
 Blink                    Tloc           0%         N/A       52%         2
 Frozen Ramparts          Ice            0%         1d2       77%         3
 Inner Flame              Hex/Fire       0%         N/A       77%         3
 Tukima's Dance           Hex            0%         N/A       77%         3
 Cause Fear               Hex            0%         N/A       99%         4
 Hailstorm                Conj/Ice       0%         3d3       99%         4
 Passage of Golubria      Tloc           0%         N/A       99%         4
 Summon Ice Beast         Ice/Summ       0%         N/A       99%         4
 Summon Lightning Spire   Summ/Air       0%         N/A       99%         4
 Manifold Assault         Tloc           0%         N/A       100%        5
 Summon Mana Viper        Hex/Summ       0%         N/A       100%        5
 Yara's Violent Unravell  Hex/Tmut       0%         3d3       100%        5
 Monstrous Menagerie      Summ           0%         N/A       100%        7
 Storm Form               Tmut/Air       0%         N/A       100%        7
 Discord                  Hex            0%         N/A       100%        8
 Maxwell's Capacitive Co  Air            0%         ∞         100%        8


Dungeon Overview and Level Annotations

Branches:
Dungeon (9/15)             Temple (1/1) D:5            Lair (4/5) D:9
  Swamp (0/4) Lair:3        Snake (0/4) Lair:2      Ossuary (visited)
  Slime: Lair:4-5       Orc: D:9-12

Altars:
Ashenzari
Cheibriados
Dithmenos
Elyvilon
Fedhas
Gozag
Hepliaklqana
Kikubaaqudgha
Makhleb
Nemelex Xobeh
Okawaru
Qazlal
Sif Muna
Trog
Uskayaw
Vehumet
Wu Jian
Xom
Yredelemnul
Zin
The Shining One

Shops:
D:4 *   D:9 :[

Annotations:
D:8 2 runed translucent doors
Lair:4 1 transporter, selen22's ghost, journeyman MfGl


Innate Abilities, Weirdness & Mutations

You are too large for most types of armour.
You have claws for hands.
Your natural rate of healing is unusually fast.
You are covered in fur. (AC +1)
You have tough skin. (AC +1)


Message History

The yak is severely wounded.
You block the yak's attack. You block selen22's ghost's attack.
Unknown command.
You mangle the yak!!
You kill the yak!
Cheibriados thoroughly appreciates the change of pace.
The black mamba bites you!!
You are poisoned.
The black mamba poisons you! You block selen22's ghost's attack.
The death yak gores you!! The black mamba bites you!
You mangle the black mamba!!
You kill the black mamba!
Cheibriados thoroughly appreciates the change of pace.
You feel sick. Selen22's ghost barely misses you.
You block the death yak's attack.
Unknown command.
You claw the moth of wrath!
The moth of wrath is moderately wounded.
You feel sick. You block the moth of wrath's attack. The cane toad stings you!
Selen22's ghost says very slowly, "There's no hope."
Selen22's ghost hits you!!
* * * LOW HITPOINT WARNING * * *
Selen22's ghost burns you!
* * * LOW HITPOINT WARNING * * *
The death yak snorts and paws the ground.
The death yak gores you!!
* * * LOW HITPOINT WARNING * * *
You are too berserk!
You eviscerate the death yak!!!
The death yak is heavily wounded.
You feel sick. You block the moth of wrath's attack. The cane toad misses you.
You block selen22's ghost's attack. The death yak gores you.
* * * LOW HITPOINT WARNING * * *
Unknown command.
You eviscerate the moth of wrath!!!
You kill the moth of wrath!
Cheibriados appreciates the change of pace.
You feel sick. The cane toad completely misses you.
You miss selen22's ghost.
You feel sick. Selen22's ghost hits you!!
You die...

.....## #..###.....###
......# ###.##.#####...#
......# #...#$.....##..#
.....#####.##..#....##.#
......P##..#.#...#...#.#
...........# .#.##..##.##
......P....##$#...#.#©..##
.......P....#)#††...##...#
...........©#!"W@# #..##
............#=.#YF.#.#..#
...........##.....#.##..#
...........#..#.#...#...##
...........# #.#...#....#
...........## ......#...##
.........#..###.©.###..##
.....#...#....#####....#
......#####.........##.##


You could see a death yak, a cane toad and selen22's ghost.

Vanquished Creatures
  3 hydras
  A two-headed ogre (D:9)
  6 death yaks
  Urug (Lair:4)
  Pikel (D:4)
  2 moths of wrath (Lair:4)
  4 black mambas
  A torpor snail (Lair:3)
  6 cane toads
  2 rime drakes
  7 komodo dragons
  10 blink frogs
  Sigmund (D:3)
  A jumping spider (shapeshifter) (D:9)
  15 yaks
  2 wraiths (D:9)
  4 wyverns
  Eustachio (D:4)
  A basilisk (Lair:1)
  2 steam dragons
  4 nagas (Lair:2)
  An acid dragon (D:9)
  15 water moccasins
  5 orc warriors
  3 black bears
  A sky beast (D:7)
  4 centaurs
  2 ogres
  2 lemures
  5 wolves
  An elf zombie (Ossuary)
  A phantom (D:7)
  A kobold brigand (D:6)
  7 bullfrogs
  3 necrophages
  A gnoll sergeant (D:9)
  13 wights
  5 howler monkeys
  4 centaur zombies (Ossuary)
  A human zombie (Ossuary)
  6 hounds
  4 jellies
  9 orc priests
  9 orc wizards
  2 mummies (Ossuary)
  13 gnolls
  11 adders
  A shadow imp (D:4)
  A white imp (D:6)
  2 ufetubi
  2 adder zombies (Ossuary)
  A worm (D:4)
  40 orcs
  3 bats
  8 endoplasms
  A giant cockroach (D:4)
  9 goblins
  7 hobgoblins
  3 jackals (D:4)
  3 kobolds
  6 quokkas
  4 ball pythons
  5 frilled lizards
  3 hobgoblin zombies (Ossuary)
  A jackal zombie (Ossuary)
  11 kobold zombies (Ossuary)
  14 orc zombies (Ossuary)
  7 rats
336 creatures vanquished.

Vanquished Creatures (others)
  14 fungi
  3 plants
17 creatures vanquished.

Grand Total: 353 creatures vanquished

Notes
Turn   | Place    | Note
-------+----------+-------------------------------------------
     0 | D:1      | Majang the Troll Fighter began the quest for the Orb.
     0 | D:1      | Reached XP level 1. HP: 22/22 MP: 0/0
    88 | D:1      | Found a faded altar of an unknown god.
   142 | D:1      | Reached XP level 2. HP: 29/29 MP: 1/1
   771 | D:1      | HP: 1/29 [gnoll/+0 flail (5)]
   773 | D:1      | Reached XP level 3. HP: 2/36 MP: 2/2
   840 | D:2      | Reached skill level 3 in Unarmed Combat
   986 | D:2      | Reached XP level 4. HP: 44/44 MP: 3/3
  1678 | D:3      | Noticed an ogre
  1687 | D:3      | Killed an ogre
  1688 | D:3      | Reached XP level 5. HP: 53/53 MP: 4/4
  2082 | D:3      | Reached skill level 4 in Unarmed Combat
  2140 | D:3      | Noticed Sigmund
  2165 | D:3      | Killed Sigmund
  2166 | D:3      | Reached XP level 6. HP: 47/61 MP: 5/5
  2212 | D:4      | Noticed Pikel
  2212 | D:4      | Noticed Eustachio
  2284 | D:4      | Reached skill level 5 in Unarmed Combat
  2289 | D:4      | Reached XP level 7. HP: 65/68 MP: 6/6
  2478 | D:4      | Killed Pikel
  2479 | D:4      | Reached skill level 6 in Unarmed Combat
  2479 | D:4      | Reached XP level 8. HP: 18/78 MP: 7/7
  2564 | D:4      | Found a radiant altar of Vehumet.
  2566 | D:4      | Identified the +2 leather armour of Archidiopt {Harm rCorr}
  2624 | D:4      | Killed Eustachio
  2863 | D:4      | Found Ocsusoet's General Store.
  3136 | D:5      | Entered Level 5 of the Dungeon
  3229 | D:5      | Found a staircase to the Ecumenical Temple.
  3238 | Temple   | Entered the Ecumenical Temple
  3266 | Temple   | Became a worshipper of Cheibriados the Contemplative
  3325 | D:5      | Reached skill level 1 in Throwing
  3454 | D:5      | Found a sand-covered staircase.
  3461 | Ossuary  | Entered an ossuary
  3475 | Ossuary  | Reached skill level 1 in Armour
  3565 | Ossuary  | Reached * piety under Cheibriados
  3626 | Ossuary  | Reached skill level 1 in Evocations
  4015 | D:5      | Reached skill level 5 in Shields
  4215 | D:5      | Reached skill level 7 in Unarmed Combat
  4215 | D:5      | Reached skill level 1 in Invocations
  4304 | D:5      | Found an opulent altar of Gozag.
  4351 | D:5      | Found a glowing silver altar of Zin.
  4496 | D:6      | Reached ** piety under Cheibriados
  4501 | D:6      | Reached XP level 9. HP: 59/85 MP: 8/8
  5299 | D:7      | Reached skill level 5 in Dodging
  5413 | D:7      | Reached *** piety under Cheibriados
  5428 | D:7      | Reached skill level 5 in Fighting
  5888 | D:7      | Reached skill level 8 in Unarmed Combat
  6517 | D:8      | Found a runed translucent door.
  6519 | D:8      | Found a runed translucent door.
  6668 | D:8      | Reached XP level 10. HP: 92/95 MP: 9/11
  6958 | D:9      | Reached **** piety under Cheibriados
  7025 | D:9      | Found Kaecolum's Armour Emporium.
  7304 | D:9      | Found a staircase to the Lair.
  7427 | D:9      | Found Heranir's Book Emporium.
  7476 | D:9      | Noticed a black mamba
  7479 | D:9      | a black mamba changed into a jumping spider
  7549 | D:9      | Reached skill level 9 in Unarmed Combat
  7589 | D:9      | Noticed a two-headed ogre
  7637 | D:9      | Killed a two-headed ogre
  7637 | D:9      | Reached ***** piety under Cheibriados
  7879 | D:4      | Bought a scroll of teleportation for 42 gold pieces
  7879 | D:4      | Bought a potion of ambrosia for 112 gold pieces
  7879 | D:4      | Bought a scroll of enchant armour for 105 gold pieces
  8049 | D:9      | Reached XP level 11. HP: 41/104 MP: 12/12
  8530 | Lair:1   | Entered Level 1 of the Lair of Beasts
  8664 | Lair:1   | Upgraded the game from 0.29-a0-923-g6e406bff71 to
                  | 0.29-a0-925-g0a7a3d12f8
  9550 | Lair:2   | Reached skill level 10 in Unarmed Combat
  9607 | Lair:2   | Identified the +4 scimitar "Seidank" {elec, Dex+2}
  9681 | Lair:2   | Noticed a seven-headed hydra
  9698 | Lair:2   | Killed a seven-headed hydra
  9699 | Lair:2   | Reached skill level 5 in Throwing
 10070 | Lair:2   | Found a staircase to the Snake Pit.
 10311 | Lair:3   | Noticed a death yak
 10311 | Lair:3   | Noticed a death yak
 10312 | Lair:3   | Noticed a death yak
 10312 | Lair:3   | Noticed a death yak
 10312 | Lair:3   | Noticed a death yak
 10312 | Lair:3   | Noticed a death yak
 10324 | Lair:2   | Killed a death yak
 10325 | Lair:2   | Reached XP level 12. HP: 34/115 MP: 14/14
 10333 | Lair:2   | Killed a death yak
 10334 | Lair:2   | Reached skill level 5 in Invocations
 10440 | Lair:3   | Noticed a six-headed hydra
 10455 | Lair:2   | Reached ****** piety under Cheibriados
 10515 | Lair:3   | Noticed a four-headed hydra
 10520 | Lair:3   | Killed a four-headed hydra
 10581 | Lair:3   | Found a staircase to the Swamp.
 10700 | Lair:3   | Killed a death yak
 10701 | Lair:3   | Reached skill level 5 in Armour
 10705 | Lair:3   | Killed a death yak
 10709 | Lair:3   | Killed a death yak
 10714 | Lair:3   | Killed a death yak
 10829 | Lair:3   | Killed a six-headed hydra
 10830 | Lair:3   | Reached skill level 11 in Unarmed Combat
 11382 | Lair:4   | Noticed Urug
 11388 | Lair:4   | Killed Urug
 11460 | Lair:4   | Found a transporter.
 11463 | Lair:4   | Noticed selen22's ghost (journeyman MfGl)
 11474 | Lair:4   | Noticed a death yak
 11770 | Lair:4   | Found a transporter.
 11865 | Lair:4   | Mangled by selen22's ghost

Illustrated notes

Levels and vault maps discovered:
D:1:      beargit_arrival_greenhouse, layout_loops_ring,
          hellmonk_ecumenical_altar_run_dry, st_stairs_11
D:2:      layout_basic, minmay_misc_feat_more_columns, nrook_mini_vaults,
          kennysheep_generic_room_16
D:3:      layout_basic, uniq_sigmund
D:4:      layout_loops_ring, nicolae_vehumet_radiance, serial_shops,
          nicolae_shop_hallway_plus, uniq_pikel, uniq_eustachio
D:5:      layout_loops_corners, zin_scriptorium, old_standard_altar,
          minmay_temple_entry_tees, chequers_ossuary_entry_cave,
          cheibrodos_gnoll_hut
D:6:      layout_loops_cross, kennysheep_generic_room_7
D:7:      layout_layer_cave
D:8:      lemuel_insect_pit, layout_basic
D:9:      layout_irregular_city, erik_lair_dragon, serial_shops,
          nicolae_diamond_shop, nicolae_shop_advertising_works
          [nicolae_subvault_shop_adworks], grunt_potential
Temple:   nicolae_temple_no_exploring_needed
Lair:1:   layout_long_grid, st_stairs_10, beast_lair_carwin_8
Lair:2:   layout_roguey, minmay_snake_entry_guardpost_small, lemuel_fruit_tree
Lair:3:   layout_hall_layers, swamp_mist, grunt_megastairs_1,
          infiniplex_staircase_pool
Lair:4:   layout_hall_layers, gammafunk_ghost_berserking_beasts,
          grunt_megastairs_3, uniq_urug

Skill      XL: |  1  2  3  4  5  6  7  8  9 10 11 12 |
---------------+-------------------------------------+-----
Shields        | 3 4 5 6 7 |  7.7
Unarmed Combat | 3 4 5 6 7 8 9 10 11 | 11.3
Fighting       | 3 4 5 6 7 |  7.5
Dodging        | 3 4 5 6 7 |  7.1
Throwing       | 1 3 4 5 6 |  6.1
Armour         | 1 2 3 4 5 |  5.4
Evocations     | 1 2 3 4 |  4.9
Invocations    | 1 2 3 4 5 |  5.8

Action                   |  1- 3 |  4- 6 |  7- 9 | 10-12 || total
-------------------------+-------+-------+-------+-------++-------
Melee: Unarmed           |    67 |    99 |   455 |   430 ||  1051
       Flail             |       |       |       |     7 ||     7
Throw: Boomerang         |       |       |     7 |    36 ||    43
Invok: Bend Time         |       |       |       |     1 ||     1
Evoke: Wand              |       |     2 |       |     2 ||     4
  Use: Potion            |     1 |     3 |     1 |       ||     5
       Scroll            |       |       |    25 |     9 ||    34
 Stab: Sleeping          |       |       |       |     4 ||     4
       Distracted        |       |       |       |     1 ||     1
Armor: Robe              |    18 |    17 |   152 |    10 ||   197
       Steam dragon scal |       |       |       |    48 ||    48
Dodge: Dodged            |    16 |    24 |   178 |   172 ||   390
Block: Kite shield       |    13 |    31 |   213 |   237 ||   494

Table legend: (Time is in decaauts)
 A = Elapsed time spent in this place.
 B = Non-inter-level travel time spent in this place.
 C = Inter-level travel time spent in this place.
 D = Time resting spent in this place.
 E = Time spent auto-exploring this place.
 F = Levels seen in this place.
 G = Mean time per level.
                   A        B        C        D        E       F      G
               +--------+--------+--------+--------+--------+-----+--------+
         Total |  16491 |  14968 |   1523 |   1304 |   7006 |  15 | 1099.4 |
       Dungeon |  10552 |   9570 |    982 |    646 |   6365 |   9 | 1172.4 |
        Temple |     38 |     30 |      8 |      0 |      0 |   1 |   38.0 |
          Lair |   5490 |   4958 |    532 |    631 |    626 |   4 | 1372.5 |
       Ossuary |    410 |    410 |      0 |     26 |     14 |   1 |  410.0 |
               +--------+--------+--------+--------+--------+-----+--------+

Top non-repeatable levels by time:
     D:9: 2029 daAuts
     D:7: 1806 daAuts
  Lair:2: 1683 daAuts
  Lair:1: 1584 daAuts
  Lair:3: 1258 daAuts
     D:5: 1187 daAuts
     D:6: 1185 daAuts
     D:4: 1037 daAuts
  Lair:4: 963 daAuts
     D:8: 961 daAuts
     D:2: 938 daAuts
     D:1: 742 daAuts
     D:3: 664 daAuts
 Ossuary: 410 daAuts
  Temple: 38 daAuts
